Map: Heavy Artillery LE

Players

Pookeer - Winner!

  • Race: Zerg Zerg
  • League: Diamond
  • Spawn Location: 7:00

Níðhǫggr - Winner!

  • Race: Zerg Zerg
  • League: Platinum
  • Spawn Location: 7:00

Massa

  • Race: Terran Terran
  • League: Gold
  • Spawn Location: 3:00

qqq

  • Race: Protoss Protoss
  • Spawn Location: 1:00

VOD

Have the link to the VOD?

Description

Time

  • Played on: June 27, 2020, 5:53 a.m.
  • Length: 12:56
Show
View Real Time Build Order
Export as new Build Order

Pookeer Zerg - Winner!

Build Orders: Pool First 

Get SALT Encoding   

  12  0:01  Drone  
  13  0:09  Drone  
  14  0:16  Overlord  
  14  0:37  Spawning Pool  
  14  0:38  Drone  
  14  0:40  Drone  
  15  0:44  Drone  
  16  1:12  Drone  
  16  1:13  Drone x2  
  19  1:26  Extractor  
  19  1:32  Drone  
  19  1:39  Zergling x2  
  21  1:57  Extractor, Zergling x2  
  21  1:58  Extractor, Zergling x2  
  21  2:01  Hatchery, Queen  
  22  2:11  Overlord  
  22  2:31  Drone x2  
  24  2:44  Queen  
  24  2:49  Hatchery  
  25  3:15  Drone x3  
  25  3:17  Hatchery  
  27  3:20  Metabolic Boost  
  27  3:24  Spore Crawler  
  26  3:27  Lair  
  26  3:39  Drone x2  
  28  3:50  Overlord  
  28  4:05  Overlord  
  28  4:08  Queen  
  28  4:38  Spine Crawler  
  27  4:40  Drone x2, Spine Crawler  
  27  4:41  Drone  
  27  4:42  Drone x2  
  27  4:43  Queen  
  33  4:55  Zergling x6  
  33  4:59  Drone x2  
  33  5:34  Zergling x12  
  33  5:35  Zergling x4  
  40  5:52  Queen  
  40  5:53  Spine Crawler  
  40  5:56  Overlord x2  
  40  5:57  Overlord  
  41  5:59  Drone  
  42  6:05  Overlord  
  42  6:11  Spine Crawler  
  42  6:14  Queen  
  43  6:25  Drone x4  
  46  6:26  Drone  
  48  6:40  Spore Crawler  
  48  6:41  Drone x2  
  48  6:42  Drone  
  50  6:54  Drone  
  51  7:10  Drone x13  
  64  7:20  Spire  
  63  7:29  Extractor  
  62  7:31  Extractor  
  62  7:35  Spore Crawler  
  60  7:38  Overlord x2  
  60  7:45  Evolution Chamber  
  60  7:46  Evolution Chamber  
  58  8:12  Overlord x3  
  58  8:16  Zergling x2  
  58  8:17  Zergling x24  
  71  8:22  Pneumatized Carapace  
  71  8:29  Spore Crawler  
  71  8:31  Spore Crawler  
  69  8:36  Spore Crawler  
  69  8:37  Spore Crawler  
  69  8:41  Spire  
  66  8:42  Drone x6  
  66  8:44  Drone  
  66  8:46  Drone  
  74  8:51  Zerg Melee Weapons Level 1  
  73  9:02  Corruptor  
  72  9:03  Corruptor  
  74  9:14  Zerg Flyer Armor Level 1  
  74  9:21  Overlord x2  
  59  9:52  Corruptor  
  52  9:53  Corruptor x6  
  60  10:13  Queen x2  
  60  10:14  Queen  
  63  10:21  Corruptor  
  63  10:22  Corruptor x2  
  69  10:53  Spore Crawler  
  69  10:56  Zerg Flyer Weapons Level 1  
  60  11:24  Mutalisk  
  60  11:25  Mutalisk x15  
  84  11:40  Drone x2  
  84  11:41  Drone x4  
  90  12:06  Drone x11  
  101  12:11  Extractor x2  
  99  12:29  Drone x3  
Show
View Real Time Build Order
Export as new Build Order

Níðhǫggr Zerg - Winner!

Build Orders: Hatch First, Swarm Host 

Get SALT Encoding   

  12  0:03  Drone  
  13  0:12  Overlord  
  13  0:17  Drone  
  14  0:31  Drone x2  
  17  0:35  Drone  
  17  0:59  Hatchery  
  16  1:06  Spawning Pool  
  16  1:09  Drone  
  16  1:13  Drone  
  16  1:15  Drone  
  18  1:21  Extractor  
  17  1:26  Drone  
  17  1:31  Overlord  
  18  1:45  Overlord  
  18  1:52  Queen  
  20  1:54  Zergling x2  
  21  2:06  Zergling x2  
  22  2:11  Drone  
  22  2:12  Queen  
  25  2:16  Drone  
  26  2:23  Drone  
  26  2:24  Drone  
  28  2:33  Metabolic Boost  
  28  2:40  Drone x2  
  28  2:44  Drone  
  31  2:46  Drone  
  32  2:55  Drone  
  32  2:57  Drone  
  34  2:59  Extractor  
  33  3:06  Drone x4  
  37  3:20  Drone  
  37  3:21  Drone  
  37  3:24  Hatchery, Lair  
  37  3:25  Drone  
  39  3:27  Extractor  
  39  3:29  Drone  
  39  3:31  Drone  
  40  3:35  Overlord  
  40  3:42  Drone x2  
  40  3:43  Drone  
  40  3:44  Drone  
  40  3:48  Spore Crawler  
  43  3:49  Spore Crawler  
  43  3:53  Drone  
  43  3:54  Drone  
  44  4:01  Drone x2  
  46  4:03  Drone  
  46  4:04  Drone  
  46  4:05  Extractor  
  46  4:06  Drone  
  48  4:11  Drone x2  
  48  4:15  Overlord  
  49  4:26  Baneling Nest  
  49  4:30  Infestation Pit  
  47  4:37  Drone x8  
  56  4:38  Drone  
  56  4:41  Overlord  
  56  5:06  Swarm Host x5  
  56  5:07  Swarm Host  
  58  5:13  Nydus Network  
  72  5:15  Zergling x2  
  72  5:16  Zergling x2  
  74  5:24  Overlord x2  
  74  5:33  Zergling x2  
  74  5:34  Zergling x4  
  74  5:35  Baneling x4  
  75  5:49  Drone x5  
  80  5:50  Drone x3  
  83  5:59  Drone x4  
  83  6:00  Drone  
  83  6:01  Overlord x3  
  88  6:06  Nydus Network  
  87  6:11  Extractor  
  87  6:15  Overlord x3  
  86  6:19  Extractor  
  86  6:21  Spore Crawler  
  83  6:40  Swarm Host x3  
  83  6:46  Drone  
  93  6:51  Queen  
  95  6:57  Nydus Canal  
  95  6:58  Drone x6  
  95  6:59  Drone  
  102  7:14  Overlord x5  
  102  8:01  Hatchery  
  102  8:02  Evolution Chamber  
  102  8:04  Centrifical Hooks  
  102  8:05  Evolution Chamber  
  99  8:07  Zergling x2  
  99  8:08  Zergling x22  
  99  8:12  Hatchery  
  110  8:17  Nydus Canal  
  110  8:28  Spire  
  110  8:32  Extractor  
  110  8:33  Extractor  
  107  8:46  Baneling x12  
  107  8:47  Baneling x13  
  107  9:03  Nydus Canal  
  107  9:05  Overlord x3  
  107  9:13  Drone  
  107  9:14  Drone x14  
  107  9:15  Drone  
  123  9:20  Baneling x3  
  123  9:21  Baneling  
  123  9:23  Overlord  
  109  9:46  Corruptor x14  
  109  9:47  Corruptor  
  109  9:50  Drone x2  
  141  9:57  Overlord x4  
  140  10:11  Zerg Melee Weapons Level 1, Zerg Ground Armor Level 1  
  140  10:20  Zergling x2  
  140  10:21  Zergling x12  
  140  10:22  Zergling x14  
  151  10:37  Overlord x3  
  151  10:38  Overlord  
  151  10:42  Zergling x8  
  155  10:43  Zergling x6  
  144  11:32  Nydus Canal  
  144  11:37  Drone x8  
  144  11:38  Drone x12  
  164  11:43  Queen  
  164  11:44  Overlord  
  166  11:47  Baneling  
  166  11:48  Baneling x5  
  166  11:57  Extractor x2  
  164  12:26  Hatchery  
  164  12:28  Baneling x3  
  164  12:29  Baneling x5  
  163  12:36  Nydus Canal  
Show
View Real Time Build Order
Export as new Build Order

Massa Terran 

Build Orders:  

Get SALT Encoding   

  12  0:08  SCV  
  13  0:20  SCV  
  14  0:24  Supply Depot  
  14  0:32  SCV  
  15  0:48  SCV  
  16  0:52  Barracks  
  15  1:14  SCV  
  16  1:42  SCV  
  16  1:46  Marine  
  18  1:52  Supply Depot  
  18  1:54  SCV  
  19  2:04  Marine  
  20  2:12  Refinery  
  20  2:21  Barracks  
  21  2:23  Barracks  
  21  2:26  Barracks  
  20  2:31  Supply Depot  
  20  2:41  Marine  
  21  2:59  Marine  
  21  3:01  SCV  
  23  3:07  Command Center  
  23  3:13  SCV  
  23  3:17  Marine  
  25  3:24  Marine x3  
  25  3:25  SCV, Supply Depot  
  29  3:34  Marine  
  30  3:53  SCV  
  30  3:54  Marine x2  
  30  3:55  Marine x2  
  35  4:05  SCV  
  36  4:10  Factory  
  36  4:12  Marine x2  
  38  4:27  Marine x2  
  38  4:30  Marine x2  
  42  4:40  SCV  
  42  4:43  Orbital Command  
  42  4:44  Marine  
  42  4:45  Marine  
  45  4:48  Marine  
  45  4:52  SCV  
  43  5:00  Marine  
  43  5:02  Marine x2  
  43  5:06  Marine  
  47  5:18  Marine  
  33  5:50  Barracks Reactor, Barracks Tech Lab x2  
  33  5:53  Factory Reactor  
  33  6:00  Command Center  
  33  6:01  SCV  
  33  6:04  Orbital Command  
  34  6:13  Refinery, SCV  
  34  6:14  Engineering Bay  
  34  6:17  Starport  
  35  6:22  Stimpack  
  35  6:23  Concussive Shells  
  35  6:25  SCV  
  36  6:28  Marauder, Marine  
  36  6:30  Marauder, Marine  
  42  6:33  Widow Mine  
  44  6:42  Widow Mine  
  44  6:44  SCV  
  44  6:45  SCV  
  48  6:57  SCV x2  
  50  7:03  Marine  
  50  7:04  Marine x4  
  55  7:08  Medivac  
  57  7:21  Marine x4  
  57  7:22  Marine  
  48  7:39  Marine x5  
  48  7:40  SCV x2  
  55  7:52  SCV x2  
  55  7:57  Marine x2  
  59  8:04  SCV x2  
  61  8:16  SCV  
  62  8:28  Marauder x2, Marine x3  
  62  8:33  Hellion x2  
  72  8:49  Marauder x2  
  76  9:03  Marine  
  77  9:31  Marine x2  
  77  9:38  Hellion x2, Marauder x2  
  40  9:52  Marine x3  
  42  9:59  Hellion, Marauder  
  47  10:00  Marauder  
  47  10:09  Marine  
  47  10:10  Marine x2  
  50  10:15  SCV x2  
  50  10:18  Orbital Command  
  50  10:20  Marauder  
  56  10:21  Marauder  
  56  10:27  SCV x2, Marine x2  
  60  10:37  Refinery  
  60  10:39  SCV x2  
  60  10:42  Marauder x2  
  66  10:49  Combat Shield  
  66  10:51  SCV x2  
  66  11:03  SCV x2, Marauder  
  66  11:04  Marauder  
  69  11:15  SCV x2  
  71  11:26  Command Center  
  71  11:36  Supply Depot  
  71  11:39  Supply Depot  
  71  12:01  Widow Mine, Marine x5, Supply Depot x2  
  78  12:03  Supply Depot x2  
  78  12:06  Missile Turret  
  78  12:22  Marine x5  
  78  12:23  Widow Mine x2  
  78  12:28  Supply Depot x2  
Show
View Real Time Build Order
Export as new Build Order

qqq Protoss 

Build Orders: Carriers 

Get SALT Encoding   

  12  0:03  Probe  
  13  0:15  Pylon  
  13  0:19  Probe  
  14  0:33  Pylon  
  14  0:40  Pylon  
  14  0:47  Pylon  
  14  1:06  Pylon  
  14  1:15  Probe  
  15  1:23  Gateway  
  15  1:28  Probe, Pylon  
  16  1:49  Probe  
  17  1:57  Forge  
  17  2:01  Probe  
  17  2:03  Pylon  
  18  2:13  Pylon  
  18  2:22  Cybernetics Core  
  18  2:27  Assimilator  
  18  2:29  Assimilator  
  18  2:30  Photon Cannon  
  18  2:40  Photon Cannon  
  18  2:47  Pylon  
  18  2:51  Probe  
  19  3:03  Probe  
  20  3:15  Probe  
  21  3:27  Pylon  
  21  3:28  Probe  
  22  3:40  Probe  
  23  3:43  Stargate  
  23  3:52  Probe  
  24  3:57  Photon Cannon  
  24  4:12  Photon Cannon  
  23  4:42  Nexus  
  23  4:49  Photon Cannon  
  23  4:55  Pylon  
  23  5:14  Probe, Fleet Beacon  
  24  5:26  Probe  
  25  5:54  Mothership  
  25  5:58  Carrier  
  39  6:13  Probe  
  40  6:25  Probe  
  41  6:37  Probe  
  41  6:39  Protoss Air Weapons Level 1  
  42  6:49  Probe  
  44  7:01  Probe  
  44  7:03  Assimilator  
  44  7:07  Assimilator  
  44  7:10  Carrier  
  44  7:13  Probe  
  51  7:25  Probe  
  52  7:37  Probe  
  52  7:41  Robotics Facility  
  53  7:49  Probe  
  54  8:01  Probe  
  55  8:10  Stargate x2  
  55  8:14  Probe  
  56  8:26  Probe  
  57  8:38  Probe  
  57  8:40  Carrier  
  64  8:46  Observer  
  65  8:50  Probe  
  66  9:02  Probe  
  67  9:10  Pylon  
  67  9:14  Probe  
  68  9:22  Nexus  
  68  9:25  Pylon  
  68  9:26  Probe  
  68  9:28  Carrier, Pylon  
  65  9:59  Probe  
  66  10:03  Photon Cannon  
  66  10:04  Photon Cannon  
  66  10:07  Shield Battery  
  66  10:11  Probe  
  67  10:23  Probe  
  60  10:35  Probe  
  60  10:47  Probe  
  61  10:59  Probe  
  62  11:07  Pylon  
  62  11:11  Pylon  
  54  11:12  Probe  
  54  11:15  Pylon  
  49  11:22  Carrier  
  49  11:23  Tempest, Carrier  
  48  11:34  Photon Cannon  
  48  11:35  Pylon  
  48  11:37  Pylon  
  48  11:46  Photon Cannon  
  48  11:47  Probe  
  49  11:59  Probe  
  50  12:16  Photon Cannon  
  50  12:19  Photon Cannon  
  50  12:28  Probe  
  53  12:40  Probe  
Tags
 
Add a new tag
Caveats
  • Supply blocks, unpowered buildings, or Contaminate may cause inaccurate times.
  • Supply counts are checked every 10 seconds.